 Dungeon Crawl Stone Soup version 0.29-a0-474-gdfe5cd140f (webtiles) character file.

Game seed: 4846207879697130573

851 xian the Covered (level 7, -2/61 HPs)
             Began as a Minotaur Fighter on May 24, 2022.
             Was a High Priest of Uskayaw.
             Slain by an orc warrior
             ... wielding a +0 halberd
              (8 damage)
             ... on level 6 of the Dungeon.
             The game lasted 00:13:57 (4907 turns).

xian the Covered (Minotaur Fighter)                 Turns: 4907, Time: 00:13:58

Health: -2/61      AC:  9    Str: 23    XL:     7   Next: 69%
Magic:  6/6        EV: 10    Int:  5    God:    Uskayaw [*****.]
Gold:   218        SH:  4    Dex:  9    Spells: 6/6 levels left

rFire   . . .      SeeInvis .   d - +0 short sword (drain)
rCold   . . .      Faith    .   c - +0 buckler
rNeg    . . .      Spirit   .   b - +0 scale mail
rPois   +          Reflect  .   (helmet restricted)
rElec   .          Harm     .   (no cloak)
rCorr   .          Rampage  .   (no gloves)
Will    +....                   t - +0 pair of boots
Stlth   ..........              (no amulet)
HPRegen 0.20/turn               h - ring of poison resistance
MPRegen 0.10/turn               r - ring of willpower

@: no status effects
A: horns 2, retaliatory headbutt, MP-powered wands
a: Renounce Religion, Stomp, Line Pass, Grand Finale


You were on level 6 of the Dungeon.
You worshipped Uskayaw.
Uskayaw was noncommittal.
You visited 1 branch of the dungeon, and saw 6 of its levels.

You collected 218 gold pieces.

Inventory:

Hand Weapons
 d - a +0 short sword of draining (weapon)
Missiles
 k - 9 poisoned darts (quivered)
 l - 4 boomerangs of dispersal
Armour
 b - a +0 scale mail (worn)
 c - a +0 buckler (worn)
 t - a +0 pair of boots (worn)
Jewellery
 h - a ring of poison resistance (left hand)
 r - a ring of willpower (right hand)
 s - a +6 ring of intelligence
 A - a ring of positive energy
Wands
 e - a wand of polymorph (12)
 u - a wand of paralysis (8)
Scrolls
 g - 3 scrolls of teleportation {unknown}
 i - 2 scrolls of enchant weapon
 j - a scroll of enchant armour {unknown}
 m - 2 scrolls of magic mapping
 n - 2 scrolls of fear {unknown}
 o - 3 scrolls of fog
 p - 3 scrolls of blinking {unknown}
 q - a scroll of poison {unknown}
 w - a scroll of summoning {unknown}
 x - 2 scrolls of vulnerability {unknown}
 y - a scroll of silence {unknown}
Potions
 a - 3 potions of might
 f - a potion of magic
 v - 3 potions of curing
 z - 2 potions of brilliance


   Skills:
 + Level 5.3 Fighting
 + Level 3.0(4.6) Short Blades
 + Level 5.8(6.3) Long Blades
 + Level 6.5 Armour
 + Level 2.4 Dodging
 + Level 0.7 Stealth
 + Level 4.8 Shields


You had 6 spell levels left.
You didn't know any spells.
Your spell library contained the following spells:

 Spells                   Type           Power      Damage    Failure   Level
 Foxfire                  Conj/Fire      0%         2x1d4     85%         1
 Magic Dart               Conj           0%         1d3       85%         1
 Sandblast                Erth           0%         2d4       85%         1
 Passwall                 Tmut/Erth      0%         N/A       94%         2
 Searing Ray              Conj           0%         2d4       94%         2
 Sublimation of Blood     Necr           0%         N/A       94%         2
 Wereblood                Tmut           0%         N/A       94%         2
 Stone Arrow              Conj/Erth      0%         3d7       99%         3
 Fulminant Prism          Conj/Hex       0%         3d6       100%        4
 Summon Hydra             Summ           0%         N/A       100%        7


Dungeon Overview and Level Annotations

Branches:
Dungeon (6/15)
 Temple: D:4-7

Altars:
Dithmenos
Kikubaaqudgha
Qazlal
Uskayaw
Xom

Shops:
D:4 ?!   D:5 ?


Innate Abilities, Weirdness & Mutations

You have a pair of horns on your head.
You reflexively headbutt those who attack you in melee.
You expend magic power (3 MP) to strengthen your wands.


Message History

The bullfrog is lightly wounded.
You block the bullfrog's attack. The bullfrog barely misses you.
The orc warrior hits you with a +0 halberd.
You can now merge with and destroy a victim.
You hit the bullfrog but do no damage. You headbutt the bullfrog.
The bullfrog is moderately wounded.
The bullfrog releases a deep croak.
The bullfrog hits you but does no damage.
You hit the bullfrog. You drain the bullfrog.
The bullfrog is heavily wounded.
The bullfrog closely misses you.
The orc warrior hits you with a +0 halberd.
The bullfrog barely misses you.
You barely miss the bullfrog.
The bullfrog is heavily wounded.
The orc warrior hits you with a +0 halberd.
The bullfrog hits you but does no damage.
You hit the bullfrog but do no damage. Your headbutt misses the bullfrog.
The bullfrog is moderately wounded.
The bullfrog hits you but does no damage.
The orc warrior hits you with a +0 halberd.
* * * LOW HITPOINT WARNING * * *
You block the bullfrog's attack.
You barely miss the bullfrog.
The bullfrog is moderately wounded.
The orc warrior hits you with a +0 halberd!
* * * LOW HITPOINT WARNING * * *
You block the bullfrog's attack.
You hit the bullfrog. You drain the bullfrog.
Your headbutt misses the bullfrog.
The bullfrog is severely wounded.
The orc warrior closely misses you. You furiously retaliate!
You headbutt the orc warrior, but do no damage.
The bullfrog barely misses you.
The orc warrior attacks as you move away!
The orc warrior barely misses you. You furiously retaliate!
You headbutt the orc warrior. The bullfrog attacks as you move away!
The bullfrog hits you but does no damage.
The orc warrior hits you from afar with a +0 halberd!
You die...

..$ ..... #..#
#.#..##..#
.....#..##### #
#...#...... ##..
###...##.5.. .....
.........o##......
#≈≈≈≈≈≈≈Fo.....#
#....?@###..#..
#.≈≈..........#
##....####.....
##..## .. #...#
#...# .# ###
#>..####.#
...###.........
##....>........


You could see an orc warrior (very drained), a bullfrog (very drained), a shadow
imp and an orc.

Vanquished Creatures
  Grinder (D:2)
  A water moccasin (D:6)
  An ogre (D:5)
  The ghost of roflturtle the Firebug, an amateur TeFE (D:3)
  A scorpion (D:5)
  A howler monkey (D:6)
  A hound (D:5)
  2 orc priests
  2 iguanas
  6 adders
  A white imp (D:5)
  2 ufetubi
  A worm (D:4)
  2 dart slugs (D:1)
  8 orcs
  9 ball pythons
  5 bats
  5 endoplasms
  3 giant cockroaches
  4 goblins
  8 hobgoblins
  5 quokkas
  2 frilled lizards
  9 kobolds
  9 rats
90 creatures vanquished.

Notes
Turn   | Place    | Note
-------+----------+-------------------------------------------
     0 | D:1      | xian the Minotaur Fighter began the quest for the Orb.
     0 | D:1      | Reached XP level 1. HP: 19/19 MP: 0/0
   227 | D:1      | Reached XP level 2. HP: 27/27 MP: 1/1
   966 | D:2      | Reached skill level 4 in Armour
   966 | D:2      | Reached XP level 3. HP: 33/33 MP: 2/2
  1533 | D:3      | Found a stormy altar of Qazlal.
  1550 | D:3      | Noticed Grinder
  1564 | D:2      | Paralysed by Grinder for 2 turns
  1567 | D:2      | Gained mutation: You are agile. (Dex +2) [potion of
                  | mutation]
  1567 | D:2      | Gained mutation: You expend magic power (3 MP) to
                  | strengthen your wands. [potion of mutation]
  1567 | D:2      | Lost mutation: You are agile. (Dex +2) [potion of mutation]
  1573 | D:2      | Paralysed by Grinder for 2 turns
  1576 | D:2      | Paralysed by Grinder for 4 turns
  1580 | D:2      | Killed Grinder
  1581 | D:2      | Reached skill level 5 in Long Blades
  1581 | D:2      | Reached skill level 1 in Dodging
  1581 | D:2      | Reached XP level 4. HP: 14/41 MP: 3/3
  1581 | D:2      | Reached XP level 5. HP: 17/47 MP: 4/4
  1952 | D:3      | Found a shadowy altar of Dithmenos.
  1999 | D:3      | Reached skill level 5 in Armour
  2169 | D:3      | Reached XP level 6. HP: 55/55 MP: 5/5
  2179 | D:3      | Found an ancient bone altar of Kikubaaqudgha.
  2322 | D:3      | Found a faded altar of an unknown god.
  2336 | D:3      | Got Plato's Volume of Arcane Weapons
  2392 | D:3      | Found a large runed translucent door.
  2393 | D:3      | Found a large runed translucent door.
  2396 | D:3      | Noticed roflturtle's ghost (amateur TeFE)
  2414 | D:3      | Killed roflturtle's ghost
  2686 | D:3      | Found a hide-covered altar of Uskayaw.
  2694 | D:3      | Became a worshipper of Uskayaw the Reveller
  2820 | D:3      | Found a large runed translucent door.
  2821 | D:3      | Found a large runed translucent door.
  2821 | D:3      | Found a shimmering altar of Xom.
  2834 | D:3      | Reached * piety under Uskayaw
  3330 | D:4      | Found Yzxeappi's Distillery.
  3613 | D:4      | Found Nomuig's Magic Scroll Boutique.
  3817 | D:4      | Reached ** piety under Uskayaw
  3818 | D:4      | Reached skill level 5 in Fighting
  4015 | D:5      | Entered Level 5 of the Dungeon
  4279 | D:5      | Reached skill level 1 in Short Blades
  4294 | D:5      | Found Zeasom's Magic Scroll Shop.
  4373 | D:5      | Reached XP level 7. HP: 51/61 MP: 6/6
  4801 | D:6      | Reached skill level 6 in Armour
  4891 | D:6      | Reached *** piety under Uskayaw
  4894 | D:6      | Reached **** piety under Uskayaw
  4900 | D:6      | Reached ***** piety under Uskayaw
  4907 | D:6      | Slain by an orc warrior

Illustrated notes

Levels and vault maps discovered:
D:1:      dpeg_arrival_three_same_balls, layout_loops_ring
D:2:      layout_basic, minmay_misc_feat_square, kennysheep_another_room
D:3:      due_chaos_kobolds, layout_basic, mainiacjoe_overflow_24_doors,
          nicolae_overflow_squiral, nicolae_overflow_crystal_walls,
          ebering_ghost_disaster_area, shapermc_ecumenical_altar_rom_forum,
          serial_glass, glass_columns_b, glass_columns_a, glass_columns_b,
          glass_columns_b, glass_columns_a, uniq_grinder
D:4:      layout_basic, serial_shops, nicolae_inconvenience_store, shop
D:5:      layout_cave_pools, serial_shops, shop
D:6:      layout_loops_cross, nicolae_overflow_hidden_temple,
          minmay_temple_entry_sparse_star, serial_shops, shop,
          chequers_serial_rivers_micro_e

Skill      XL: |  1  2  3  4  5  6  7 |
---------------+----------------------+-----
Long Blades    | 3 5 |  5.8
Fighting       | 4 5 |  5.3
Armour         | 4 5 6 |  6.5
Shields        | 4 |  4.8
Dodging        | 1 2 |  2.4
Short Blades   | 2 3 |  3.0
Stealth        | |  0.7

Action                   |  1- 3 |  4- 6 |  7- 9 || total
-------------------------+-------+-------+-------++-------
Melee: Long sword        |    86 |    22 |       ||   108
       Headbutt          |    10 |    18 |     6 ||    34
       Short sword       |       |   141 |    37 ||   178
  Use: Potion            |     5 |       |       ||     5
       Scroll            |       |     4 |       ||     4
 Stab: Paralysed         |       |       |     1 ||     1
Armor: Scale mail        |    37 |    75 |     9 ||   121
       Skin              |     8 |       |       ||     8
Dodge: Dodged            |    38 |    63 |    19 ||   120
Block: Buckler           |    14 |    37 |     7 ||    58

Table legend: (Time is in decaauts)
 A = Elapsed time spent in this place.
 B = Non-inter-level travel time spent in this place.
 C = Inter-level travel time spent in this place.
 D = Time resting spent in this place.
 E = Time spent auto-exploring this place.
 F = Levels seen in this place.
 G = Mean time per level.
                   A        B        C        D        E       F      G
               +--------+--------+--------+--------+--------+-----+--------+
         Total |   4931 |   4764 |    167 |    338 |   3146 |   6 |  821.8 |
       Dungeon |   4931 |   4764 |    167 |    338 |   3146 |   6 |  821.8 |
               +--------+--------+--------+--------+--------+-----+--------+

Top non-repeatable levels by time:
     D:3: 1251 daAuts
     D:2: 1003 daAuts
     D:1: 911 daAuts
     D:4: 877 daAuts
     D:5: 751 daAuts
     D:6: 136 daAuts
